 Dungeon Crawl Stone Soup version 0.29.1-1-gd02db6906a (webtiles) character file.

Game seed: 4372631593965568480

154 Powertoast the Sneak (level 5, -1/32 HPs)
             Began as a Kobold Brigand on Sept 19, 2022.
             Slain by a gnoll
             ... wielding a +0 halberd of flaming
              (6 damage)
             ... on level 3 of the Dungeon.
             The game lasted 00:05:23 (2588 turns).

Powertoast the Sneak (Kobold Brigand)               Turns: 2588, Time: 00:05:24

Health: -1/32      AC:  3    Str:  8    XL:     5   Next: 63%
Magic:  5/5        EV: 14    Int: 13    God:
Gold:   76         SH:  0    Dex: 18    Spells: 4/4 levels left

rFire   . . .      SeeInvis .   a - +1 dagger (venom)
rCold   . . .      Faith    .   (no shield)
rNeg    + . .      Spirit   .   o - +0 robe
rPois   .          Reflect  .   (no helmet)
rElec   .          Harm     .   c - +0 cloak
rCorr   .          Rampage  .   (no gloves)
Will    .....                   (no boots)
Stlth   ++++......              (no amulet)
HPRegen 0.10/turn               i - ring of positive energy
MPRegen 0.09/turn               (no ring)

@: no status effects
A: small, no large weapons, nightstalker 3
a: no special abilities


You were on level 3 of the Dungeon.
You visited 1 branch of the dungeon, and saw 3 of its levels.

You collected 76 gold pieces.

Inventory:

Hand Weapons
 a - a +1 dagger of venom (weapon)
 b - a +3 dagger
Missiles
 d - 9 poisoned darts (quivered)
 e - 2 curare-tipped darts
Armour
 c - a +0 cloak (worn)
 o - a +0 robe (worn)
Jewellery
 i - a ring of positive energy (left hand)
Wands
 p - a wand of flame (25)
Scrolls
 g - a scroll of enchant weapon {unknown}
 h - a scroll of fear {unknown}
 k - a scroll of teleportation {unknown}
 m - 2 scrolls of identify {unknown}
 n - a scroll of blinking {unknown}
Potions
 f - a potion of ambrosia {unknown}
 j - 4 potions of heal wounds {unknown}
 l - a potion of brilliance {unknown}
 q - 2 potions of might {unknown}


   Skills:
 + Level 3.5 Fighting
 * Level 5.6 Short Blades
 - Level 2.3 Throwing
 - Level 1.4 Dodging
 - Level 6.0 Stealth


You had 4 spell levels left.
You didn't know any spells.
Your spell library was empty.

Dungeon Overview and Level Annotations

Branches:
Dungeon (3/15)

Altars:
Vehumet


Innate Abilities, Weirdness & Mutations

You are small and have problems with some larger weapons.
You are completely attuned to the shadows.


Message History

You barely miss the ball python. The ball python bites you.
The ball python grabs you. The ball python constricts you.
You closely miss the ball python. The ball python barely misses you.
The ball python constricts you.
You hit the ball python.
You kill the ball python!
You hit the rat.
The rat is poisoned.
The rat is severely wounded.
You kill the rat!
The kobold throws a stone.
The stone hits you but does no damage.
You hit the gnoll.
The gnoll is moderately wounded.
The gnoll barely misses you.
You hit the gnoll.
The gnoll is poisoned.
The gnoll is moderately wounded.
You hit the gnoll but do no damage.
The gnoll looks as sick as possible!
The gnoll is moderately wounded.
The gnoll misses you.
You hit the gnoll.
The gnoll looks as sick as possible!
The gnoll is almost dead.
You kill the gnoll!
You hit the kobold but do no damage. The kobold barely misses you.
The gnoll hits you from afar with a +0 halberd of flaming!
* * * LOW HITPOINT WARNING * * *
The gnoll burns you.
* * * LOW HITPOINT WARNING * * *
You hit the kobold.
The kobold is poisoned.
The kobold is moderately wounded.
Unknown command.
You closely miss the kobold.
The kobold is moderately wounded.
You kill the kobold!
The gnoll closely misses you.
You hit the gnoll.
The gnoll is lightly wounded.
The gnoll barely misses you. The gnoll completely misses you.
You hit the gnoll.
The gnoll is poisoned.
The gnoll is heavily wounded.
The gnoll hits you from afar with a +0 halberd of flaming.
You die...

...
#.)....##......g....
.#.#
####.#..#..........$
# ..
#.##.............
#....#..K........
..###............ #
##............
#.g#####..... #g##
.... #@# #. #.# #..
..## ..#


You could see 2 gnolls.

Vanquished Creatures
  Crazy Yiuf (D:2)
  Natasha (D:2)
  Robin (D:2)
  2 gnolls (D:3)
  An adder (D:2)
  A worm (D:2)
  8 ball pythons
  4 endoplasms
  A giant cockroach (D:2)
  11 goblins
  6 hobgoblins
  4 kobolds
  A quokka (D:3)
  4 bats
  5 frilled lizards (D:1)
  7 rats
58 creatures vanquished.

Notes
Turn   | Place    | Note
-------+----------+-------------------------------------------
     0 | D:1      | Powertoast the Kobold Brigand began the quest for the Orb.
     0 | D:1      | Reached XP level 1. HP: 12/12 MP: 1/1
     7 | D:1      | Noticed an iguana
     7 | D:1      | Noticed a redback
     7 | D:1      | Noticed a hound
   152 | D:1      | Reached XP level 2. HP: 17/17 MP: 2/2
   533 | D:1      | Reached XP level 3. HP: 21/21 MP: 3/3
   994 | D:1      | Noticed a black bear
   995 | D:1      | Noticed a salamander
  1104 | D:2      | Reached skill level 6 in Stealth
  1510 | D:2      | Noticed Robin
  1512 | D:2      | Reached XP level 4. HP: 27/27 MP: 4/4
  1539 | D:2      | Killed Robin
  1842 | D:2      | Noticed Natasha
  1846 | D:2      | Killed Natasha
  2142 | D:2      | Found a runed translucent door.
  2145 | D:2      | Noticed Crazy Yiuf
  2155 | D:2      | Killed Crazy Yiuf
  2156 | D:2      | Reached skill level 5 in Short Blades
  2156 | D:2      | Reached XP level 5. HP: 20/32 MP: 5/5
  2447 | D:3      | Found a radiant altar of Vehumet.
  2588 | D:3      | Slain by a gnoll

Illustrated notes

Levels and vault maps discovered:
D:1:      onia_arrival_zoo_common, layout_loops_corners, minmay_pentomino_r2
D:2:      layout_basic, uniq_natasha, uniq_robin, uniq_crazy_yiuf_cottage
D:3:      layout_rooms, mainiacjoe_overflow_alcove_1, ebering_ghost_inner_flame,
          minmay_splitting_lines

Skill      XL: |  1  2  3  4 |
---------------+-------------+-----
Short Blades   | 3 4 5 |  5.6
Stealth        | 6 |  6.0
Fighting       | 3 |  3.5
Throwing       | |  2.3
Dodging        | |  1.4

Action                   |  1- 3 |  4- 6 || total
-------------------------+-------+-------++-------
Melee: Dagger            |    54 |    81 ||   135
       Punch             |       |     1 ||     1
Throw: Dart              |       |     4 ||     4
 Stab: Sleeping          |    28 |     2 ||    30
Armor: Robe              |     3 |     7 ||    10
Dodge: Dodged            |    17 |    53 ||    70
